Map: Kairos Junction LE

Players

Zanster

  • Race: Zerg Zerg
  • Spawn Location: 5:00

HeroMarine - Winner!

  • Race: Terran Terran
  • League: Master
  • Spawn Location: 11:00

Event: HomeStory Cup XIX

VOD

Have the link to the VOD?

Description

Time

  • Played on: June 28, 2019, 3:09 p.m.
  • Length: 13:36

All games in this series

Show
View Real Time Build Order
Export as new Build Order

Zanster Zerg 

Build Orders: Hatch First, Muta Ling Bane 

Get SALT Encoding   

  12  0:00  Drone  
  13  0:13  Overlord  
  13  0:17  Drone  
  14  0:31  Drone x2  
  16  0:49  Hatchery  
  15  0:51  Drone  
  15  0:55  Drone  
  17  0:59  Drone  
  18  1:10  Extractor  
  17  1:14  Spawning Pool  
  17  1:16  Drone  
  17  1:20  Drone  
  18  1:28  Drone  
  19  1:39  Drone  
  20  1:50  Drone  
  21  2:00  Queen  
  21  2:01  Queen  
  25  2:02  Zergling x4  
  27  2:18  Drone  
  27  2:20  Hatchery  
  27  2:23  Overlord  
  27  2:27  Drone  
  28  2:31  Metabolic Boost  
  28  2:37  Extractor  
  28  2:40  Drone  
  29  2:45  Drone x2  
  29  2:46  Drone x2  
  32  2:52  Queen  
  32  2:57  Overlord  
  34  3:02  Drone  
  35  3:06  Overlord  
  35  3:18  Drone  
  35  3:19  Drone x4  
  40  3:25  Drone  
  41  3:28  Queen  
  41  3:31  Drone  
  41  3:32  Queen  
  46  3:35  Drone  
  47  3:42  Overlord  
  47  3:46  Drone x2  
  49  3:50  Zergling x2  
  49  3:51  Zergling x8  
  54  3:58  Overlord  
  54  4:01  Drone  
  54  4:02  Drone  
  56  4:03  Drone x2  
  56  4:05  Queen  
  60  4:10  Drone  
  60  4:15  Drone, Overlord x2  
  62  4:19  Lair  
  62  4:27  Zergling x6  
  65  4:34  Zergling x4  
  65  4:36  Drone x5  
  65  4:37  Drone x2  
  74  4:39  Extractor  
  74  4:40  Extractor, Overlord  
  74  4:41  Drone x2  
  74  4:48  Drone  
  74  4:50  Drone  
  74  4:51  Drone  
  77  4:53  Baneling Nest  
  77  4:55  Evolution Chamber  
  77  4:56  Evolution Chamber  
  74  5:01  Drone  
  74  5:03  Drone x5  
  80  5:07  Spore Crawler  
  80  5:08  Overlord  
  80  5:10  Spore Crawler  
  80  5:13  Drone  
  79  5:14  Overlord  
  79  5:17  Drone, Spore Crawler  
  79  5:18  Drone  
  79  5:19  Overseer  
  79  5:21  Overlord  
  80  5:23  Zergling x2  
  80  5:26  Overlord  
  80  5:27  Drone  
  80  5:28  Drone x3  
  85  5:33  Overlord  
  85  5:34  Queen  
  87  5:36  Drone  
  87  5:37  Zergling x2, Extractor  
  87  5:38  Zergling x6  
  87  5:42  Overlord  
  90  5:46  Drone x3  
  90  5:49  Zerg Ground Armor Level 1, Zerg Melee Weapons Level 1  
  92  5:52  Extractor x2  
  92  5:55  Drone x3  
  93  5:59  Overlord  
  93  6:01  Drone  
  93  6:02  Drone x6  
  100  6:09  Hatchery  
  99  6:11  Overlord  
  98  6:20  Drone  
  98  6:21  Drone x2  
  98  6:23  Centrifical Hooks, Drone x2  
  103  6:29  Hatchery  
  103  6:30  Zergling x8  
  106  6:38  Zergling x2  
  106  6:39  Zergling x12  
  113  6:41  Overlord  
  113  6:49  Overlord  
  113  6:51  Overlord  
  113  6:54  Baneling  
  113  6:55  Baneling x8  
  113  7:00  Hatchery  
  104  7:01  Zergling x12  
  101  7:08  Zergling x6  
  104  7:18  Zergling x16  
  104  7:19  Spire  
  111  7:25  Overlord  
  111  7:31  Zergling x6  
  114  7:40  Zergling x2  
  114  7:41  Zergling x8  
  119  7:44  Zerg Ground Armor Level 2, Zerg Melee Weapons Level 2  
  119  7:50  Zergling x2  
  119  7:51  Zergling x12  
  124  7:58  Overlord  
  123  8:09  Baneling x6  
  123  8:11  Overlord  
  123  8:14  Zergling x14  
  123  8:17  Overlord  
  130  8:20  Hatchery  
  117  8:29  Zergling x18  
  119  8:35  Mutalisk x5  
  119  8:36  Mutalisk x2  
  119  8:41  Mutalisk x2  
  118  8:49  Mutalisk x2  
  118  8:50  Mutalisk x4  
  127  9:01  Zergling x12  
  127  9:02  Baneling x5  
  133  9:05  Zergling x12  
  133  9:07  Baneling  
  133  9:08  Baneling x2  
  139  9:15  Zergling x10  
  139  9:16  Baneling x4  
  143  9:21  Zergling x2  
  143  9:22  Baneling x4  
  143  9:23  Overseer  
  142  9:30  Zergling x12  
  147  9:35  Drone x3  
  147  9:36  Drone  
  149  9:39  Drone  
  149  9:40  Drone  
  151  9:47  Drone x5  
  154  9:55  Zerg Flyer Weapons Level 1  
  155  10:00  Zergling x16  
  155  10:03  Zergling x4  
  153  10:16  Zergling x2  
  153  10:17  Zergling x20  
  151  10:35  Hatchery  
  133  10:38  Mutalisk x6  
  138  10:43  Zergling x10  
  144  10:57  Zergling x26  
  144  10:59  Baneling x4  
  155  11:08  Pneumatized Carapace  
  155  11:10  Overseer  
  146  11:12  Drone x2  
  146  11:16  Infestation Pit  
  145  11:25  Zergling x34  
  153  11:27  Baneling x2  
  153  11:28  Baneling  
  162  11:34  Zergling x10  
  165  11:45  Zergling x10  
  144  11:56  Baneling x10  
  144  11:57  Mutalisk x4  
  144  11:58  Mutalisk x2  
  155  12:04  Mutalisk x3  
  161  12:09  Hive  
  145  12:19  Zergling x16  
  144  12:23  Zergling x8  
  144  12:25  Overseer  
  144  12:26  Baneling x3  
  148  12:39  Zergling x22  
  157  12:47  Overseer  
  156  12:57  Zergling x2  
  156  12:58  Zergling x26  
  143  13:08  Zergling x18  
  138  13:16  Zergling x2  
  138  13:17  Zergling x8  
Show
View Real Time Build Order
Export as new Build Order

HeroMarine Terran - Winner!

Build Orders: Reaper Expand, Hellion Banshee 

Get SALT Encoding   

  12  0:01  SCV  
  13  0:13  SCV  
  14  0:17  Supply Depot  
  14  0:25  SCV  
  15  0:38  SCV  
  15  0:40  Barracks  
  16  0:43  Refinery  
  16  0:50  SCV  
  17  1:02  SCV  
  18  1:14  SCV  
  19  1:27  Orbital Command, Reaper  
  20  1:39  Command Center  
  20  1:48  Supply Depot  
  20  1:52  SCV  
  21  1:59  Marine  
  22  2:04  SCV  
  22  2:07  Factory  
  23  2:12  Refinery  
  23  2:16  SCV  
  23  2:21  Barracks Reactor  
  24  2:29  SCV  
  25  2:41  SCV  
  26  2:51  Orbital Command  
  26  2:53  SCV  
  26  2:55  Starport  
  27  3:04  Barracks Tech Lab, Hellion x2  
  27  3:05  SCV  
  32  3:17  SCV  
  32  3:19  SCV  
  34  3:25  Hellion x2, Supply Depot  
  38  3:29  SCV  
  38  3:31  SCV  
  40  3:38  Viking  
  43  3:41  SCV  
  43  3:42  Barracks Tech Lab  
  43  3:43  SCV  
  43  3:46  Hellion  
  43  3:47  Hellion  
  48  3:49  Supply Depot  
  48  3:53  SCV  
  48  3:55  SCV  
  50  4:02  Stimpack, Marine  
  51  4:07  SCV x2  
  53  4:11  Banshee  
  53  4:16  Supply Depot  
  60  4:19  SCV x2  
  60  4:22  Marine  
  59  4:28  Command Center  
  59  4:33  Factory Reactor  
  59  4:37  Barracks  
  59  4:38  Barracks, SCV  
  60  4:39  SCV  
  60  4:40  Marine  
  62  4:50  SCV  
  62  4:51  SCV  
  62  4:52  Engineering Bay  
  64  4:53  Engineering Bay  
  64  4:56  Supply Depot  
  64  4:58  Marine  
  65  5:02  SCV  
  65  5:03  SCV  
  65  5:06  Starport Reactor  
  67  5:13  Refinery x2  
  67  5:14  SCV  
  67  5:15  SCV  
  67  5:16  Marine  
  67  5:17  Factory Reactor  
  67  5:19  Terran Infantry Weapons Level 1, Supply Depot  
  70  5:21  Terran Infantry Armor Level 1  
  70  5:26  SCV  
  70  5:27  Marine x2, SCV  
  74  5:31  Marine  
  74  5:32  Marine  
  76  5:38  Marine, SCV  
  76  5:40  SCV  
  76  5:41  Orbital Command, Supply Depot  
  79  5:45  Marine  
  79  5:46  Marine  
  79  5:47  Medivac x2  
  85  5:52  Marine x2  
  85  5:55  Widow Mine  
  85  5:56  Marine  
  92  5:57  Widow Mine  
  92  6:07  Barracks, Marine x2  
  92  6:08  Barracks  
  92  6:09  SCV  
  92  6:10  SCV  
  53  6:11  Orbital Command  
  96  6:17  Combat Shield, Marine x2  
  97  6:22  SCV x2  
  97  6:24  Armory  
  99  6:27  Marine x2  
  99  6:28  Marine, Supply Depot  
  99  6:31  Widow Mine  
  106  6:33  Widow Mine  
  106  6:34  Marine, SCV x2  
  109  6:44  Supply Depot x2  
  109  6:49  Marine x4  
  109  6:50  SCV x3  
  116  6:56  Barracks Reactor  
  116  6:57  Barracks Reactor  
  116  7:01  Marine  
  117  7:02  SCV x3, Supply Depot  
  117  7:03  Widow Mine  
  117  7:05  Widow Mine  
  117  7:07  Marine x3  
  121  7:14  Medivac x2  
  125  7:17  SCV x3, Factory  
  125  7:19  Refinery  
  125  7:20  Terran Infantry Weapons Level 2  
  128  7:24  Terran Infantry Armor Level 2  
  128  7:29  SCV x3  
  131  7:32  Marine  
  131  7:35  Marine x2  
  131  7:36  Marine  
  133  7:38  Marauder, Marine x2, Widow Mine x2  
  133  7:42  Supply Depot  
  141  7:49  Supply Depot x2  
  141  7:51  Supply Depot  
  141  7:55  Marine x2  
  141  7:56  Command Center  
  141  8:04  Marauder  
  143  8:07  Marine  
  143  8:08  Marine  
  143  8:10  Marine x3  
  143  8:11  Widow Mine x2, Medivac x2  
  152  8:13  Terran Vehicle And Ship Armor Level 1  
  152  8:14  Drilling Claws  
  152  8:22  Marine x2  
  152  8:25  Marauder  
  154  8:28  Marine x2  
  154  8:30  Marine  
  154  8:33  Marine x2, Widow Mine  
  154  8:34  Marine  
  154  8:37  Widow Mine  
  154  8:40  Marine x2  
  158  8:43  Barracks  
  158  8:44  Barracks x2  
  158  8:45  Marine  
  158  8:46  Marine  
  158  8:47  Marauder  
  158  8:48  Marine  
  158  8:51  Marine x2  
  158  8:53  Medivac x2  
  158  8:54  Widow Mine  
  158  8:55  Widow Mine  
  157  8:58  Marine x2  
  159  9:03  Marine x2, Sensor Tower  
  159  9:04  Supply Depot  
  159  9:05  Marine  
  159  9:07  Supply Depot  
  159  9:08  Marauder, Marine  
  165  9:11  SCV x3  
  168  9:22  Missile Turret x2  
  168  9:24  Marine, SCV x3  
  166  9:29  Marauder, Marine x2  
  162  9:31  Missile Turret  
  162  9:33  Missile Turret  
  162  9:37  Barracks Tech Lab x3  
  162  9:39  Widow Mine x2  
  162  9:44  Missile Turret  
  165  9:50  Planetary Fortress  
  165  9:52  Marauder  
  165  9:53  Marine  
  166  10:02  Marine x2  
  166  10:04  Terran Infantry Weapons Level 3, Marauder  
  166  10:05  Marine  
  166  10:06  Marine  
  172  10:07  Missile Turret  
  172  10:09  Marine  
  172  10:10  Marine x2  
  172  10:14  Marauder  
  170  10:17  Marine  
  170  10:18  Marine x2, Widow Mine  
  170  10:19  Widow Mine, SCV  
  170  10:20  SCV  
  170  10:21  Marine  
  166  10:31  Marine x2  
  166  10:32  Marine, Marauder  
  166  10:34  SCV  
  166  10:35  Marine, SCV x3  
  159  10:37  Marine  
  159  10:42  Marine x2  
  141  10:43  Marine  
  141  10:47  SCV x2  
  140  10:50  SCV x2  
  140  10:53  Missile Turret  
  140  10:56  Marine x3  
  145  10:59  SCV x2  
  147  11:04  Marine  
  147  11:05  Marine x2  
  147  11:06  Marine x2  
  147  11:07  Marine x2  
  147  11:10  Marine x2  
  153  11:16  Marine  
  153  11:18  Marine x2  
  156  11:20  Widow Mine x2  
  156  11:23  Widow Mine  
  164  11:25  Marauder  
  164  11:31  Marine x2, Marauder  
  166  11:33  Marine  
  166  11:34  Marine  
  166  11:35  Marine x2  
  166  11:37  Marine x2  
  170  11:42  Widow Mine  
  170  11:43  Marine x2  
  170  11:46  Marine  
  151  11:48  Widow Mine x2  
  151  11:49  Marine x2  
  151  11:50  Marine  
  151  11:51  Marine  
  151  11:52  Marine x2  
  151  11:53  Marine  
  155  11:54  Marine  
  155  11:55  Marine  
  155  12:00  Command Center  
  157  12:02  Marauder  
  157  12:03  Widow Mine, Medivac  
  157  12:04  Barracks Tech Lab  
  157  12:05  Marauder, Medivac  
  157  12:07  Marine  
  168  12:09  Widow Mine  
  168  12:10  Marine x3, Marauder  
  168  12:13  Marine x2  
  167  12:17  Marine x2  
  167  12:20  Widow Mine  
  162  12:23  Marauder, Marine  
  162  12:24  Widow Mine  
  162  12:25  Marine  
  162  12:26  Marauder  
  162  12:28  Marine x3  
  173  12:31  Marauder, Marine x2, Widow Mine  
  173  12:34  Supply Depot x2  
  173  12:35  Marine  
  173  12:36  Marine  
  181  12:41  Marauder  
  181  12:42  Marine  
  184  12:45  Marine, Marauder  
  184  12:46  Marine  
  188  12:52  Marauder, Marine  
  188  12:53  Marine x2  
  188  12:54  Marine  
  188  12:55  Marauder  
  189  13:02  Marauder  
  189  13:05  Marine x2  
  175  13:06  Marauder  
  175  13:07  Marine  
  175  13:09  Marine  
  175  13:10  Marine x3  
  175  13:12  Marine  
  173  13:14  Marauder  
  173  13:16  Marine  
  173  13:19  Missile Turret x2  
Tags
 
Add a new tag
Caveats
  • Supply blocks, unpowered buildings, or Contaminate may cause inaccurate times.
  • Supply counts are checked every 10 seconds.